 Dungeon Crawl Stone Soup version 0.27-a0-1181-g5f64966fcc (webtiles) character file.

Game seed: 13974948360435645229

3581 tilp the Spear-Bearer (level 10, 0/74 (76) HPs)
             Began as a Barachi Summoner on May 17, 2021.
             Was an Initiate of Ru.
             Killed by divine providence
             ... invoked by a meliai
              (17 damage)
             ... on level 10 of the Dungeon.
             The game lasted 00:22:33 (13661 turns).

tilp the Spear-Bearer (Barachi Summoner)           Turns: 13661, Time: 00:22:33

HP:   0/74 (76)     AC: 15    Str: 13    XL:     10   Next: 10%
MP:   0/16          EV: 13    Int: 22    God:    Ru [......]
Gold: 249           SH:  5    Dex: 12    Spells: 11/17 levels left

rFire    . . .     SeeInvis .   a - +4 trident (vorpal)
rCold    . . .     Faith    .   e - +0 buckler
rNeg     . . .     Spirit   +   C - +0 steam dragon scales
rPois    .         Reflect  .   q - +0 hat
rElec    .         Harm     .   i - +1 cloak
rCorr    .         Rampage  .   o - +2 pair of gloves
Will     .....                  E - +0 pair of boots
Stlth    ..........             n - amulet of guardian spirit
HPRegen  0.22/turn              d - +4 ring of protection
MPRegen  0.15/turn              w - +6 ring of intelligence

@: lethally poisoned (0 -> -2), lightly drained, slow
A: amphibious, slowness 1, no stealth, strong legs 1, +LOS
a: Hop, Renounce Religion


You were on level 10 of the Dungeon.
You worshipped Ru.
Ru was noncommittal.
You visited 2 branches of the dungeon, and saw 11 of its levels.
You also visited: Trove.

You collected 490 gold pieces.
You spent 241 gold pieces at shops.

Inventory:

Hand Weapons
 a - a +4 vorpal trident (weapon)
 b - the +3 glaive "Vizov" {venom, Stlth+}
   (You bought it in a shop on level 3 of the Dungeon)

   It poisons the flesh of those it strikes.
   It makes you more stealthy.
 F - a +1 demon trident of venom
 G - a +6 glaive of venom
 H - the +7 demon trident of Governance {drain, Str+4 Dex-4}
   (You found it in a treasure trove)

   A truly terrible weapon, it drains the life of those it strikes.
   It affects your strength (+4).
   It affects your dexterity (-4).
 J - the +4 demon trident of the Desolation of Salt {vamp, Fragile Dex+5}
   (You found it in a treasure trove)

   It inflicts no extra harm, but heals its wielder when it wounds a living foe.
   It affects your dexterity (+5).
   It will be destroyed if unequipped.
 M - a +1 halberd
Missiles
 h - 56 poisoned darts (quivered)
 j - 4 boomerangs of dispersal
 z - a throwing net
Armour
 e - a +0 buckler (worn)
 i - a +1 cloak (worn)
 k - a +0 scale mail of fire resistance
 o - a +2 pair of gloves (worn)
 q - a +0 hat (worn)
 C - +0 steam dragon scales (worn)
 E - a +0 pair of boots (worn)
Jewellery
 d - a +4 ring of protection (left hand)
 n - an amulet of guardian spirit (around neck)
 v - a ring of protection from cold
 w - a +6 ring of intelligence (right hand)
 x - a ring of resist corrosion
 y - an amulet of the acrobat
Wands
 p - a wand of digging (6)
 D - a wand of mindburst (19)
 I - a wand of iceblast (3)
Scrolls
 l - a scroll of magic mapping
 s - a scroll of enchant armour
 A - 2 scrolls of amnesia {unknown}
 K - a scroll of holy word
 L - a scroll of identify
Potions
 c - a potion of ambrosia {unknown}
 f - a potion of degeneration {unknown}
 g - 2 potions of haste
 m - 2 potions of heal wounds
 r - 3 potions of mutation
 t - a potion of magic
 u - a potion of attraction {unknown}
 B - a potion of brilliance {unknown}


   Skills:
 - Level 6.0 Fighting
 + Level 9.8 Polearms
 - Level 4.0 Dodging
 - Level 4.0 Shields
 - Level 4.0 Spellcasting
 - Level 8.0 Summonings


You had 11 spell levels left.
You knew the following spells:

 Your Spells              Type           Power      Damage    Failure   Level
a - Summon Small Mammal   Summ           100%       N/A       1%          1
b - Call Imp              Summ           39%        N/A       1%          2
c - Call Canine Familiar  Summ           39%        N/A       1%          3

Your spell library contained the following spells:

 Spells                   Type           Power      Damage    Failure   Level
 Summon Guardian Golem    Hex/Summ       22%        N/A       6%          3
 Apportation              Tloc           8%         N/A       11%         1
 Foxfire                  Conj/Fire      16%        2x1d4     11%         1
 Freeze                   Ice            16%        1d4       11%         1
 Sandblast                Erth           8%         2d5       11%         1
 Sting                    Tmut/Pois      16%        1d3       11%         1
 Passwall                 Tmut/Erth      3%         N/A       17%         2
 Poisonous Vapours        Pois/Air       8%         N/A       17%         2
 Summon Ice Beast         Ice/Summ       22%        N/A       22%         4
 Summon Lightning Spire   Summ/Air       22%        N/A       22%         4
 Conjure Flame            Conj/Fire      4%         6-21      32%         3
 Ignite Poison            Fire/Tmut/Pois 4%         N/A       32%         3
 Inner Flame              Hex/Fire       4%         N/A       32%         3
 Lesser Beckoning         Tloc           2%         N/A       32%         3
 Mephitic Cloud           Conj/Pois/Air  4%         N/A       32%         3
 Spider Form              Tmut/Pois      2%         N/A       32%         3
 Stone Arrow              Conj/Erth      8%         3d7       32%         3
 Tukima's Dance           Hex            4%         N/A       32%         3
 Olgreb's Toxic Radiance  Pois           4%         N/A       73%         4
 Petrify                  Tmut/Erth      4%         N/A       73%         4
 Sticky Flame             Conj/Fire      4%         2d3       73%         4
 Alistair's Intoxication  Tmut/Pois      2%         N/A       97%         5
 Fireball                 Conj/Fire      2%         3d4       97%         5
 Lee's Rapid Deconstruct  Erth           2%         3d5*      97%         5
 Metabolic Englaciation   Hex/Ice        2%         N/A       97%         5
 Invisibility             Hex            4%         N/A       100%        6
 Ozocubu's Refrigeration  Ice            2%         4d5       100%        7


Dungeon Overview and Level Annotations

Branches:
Dungeon (10/15)            Temple (1/1) D:7            Lair (0/6) D:9
    Orc: D:9-12

Altars:
Ashenzari
Cheibriados
Dithmenos
Elyvilon
Fedhas
Gozag
Hepliaklqana
Kikubaaqudgha
Makhleb
Nemelex Xobeh
Okawaru
Qazlal
Ru
Sif Muna
Trog
Uskayaw
Vehumet
Wu Jian
Xom
Zin
The Shining One

Shops:
D:2 *   D:3 (   D:8 (


Innate Abilities, Weirdness & Mutations

You are amphibious.
You cover ground slowly.
You cannot be stealthy.
You can hop short distances.
You have an extended range of vision and can be seen from far away.


Message History

The meliai is heavily wounded.
You feel sick.
Unknown command.
Casting: Call Canine Familiar (safe; 1% risk of failure)
Confirm with . or Enter, or press ? or * to list all spells.
You feel sick. You block the meliai's attack.
The meliai stings you but does no damage.
You block the meliai's attack.
The meliai stings you but does no damage.
The meliai hits you with a +2 hand axe of draining.
* * * LOW HITPOINT WARNING * * *
You feel drained.
* * * LOW HITPOINT WARNING * * *
The meliai stings you but does no damage.
You block the meliai's attack. The meliai stings you.
* * * LOW HITPOINT WARNING * * *
You puncture the meliai!
The meliai is severely wounded.
You feel sick. The meliai barely misses you. The meliai misses you.
The meliai barely misses you.
The meliai stings you but does no damage.
The meliai hits you but does no damage.
You feel drained.
The meliai stings you but does no damage.
The meliai misses you. The meliai barely misses you.
You miss the meliai.
The meliai is severely wounded.
You feel sick.
The meliai calls down the wrath of its god upon you.
Something smites you!
* * * LOW HITPOINT WARNING * * *
The meliai hits you but does no damage. The meliai barely misses you.
You feel much better.
You feel sick. You block the meliai's attack.
The meliai hits your wolf with a +2 hand axe of draining!
The meliai drains your wolf. The meliai barely misses you.
The meliai hits you with a +0 hand axe.
* * * LOW HITPOINT WARNING * * *
The meliai completely misses you.
Your wolf closely misses the meliai.
The meliai invokes the aid of its god against you.
Something smites you!
You die...

##............#
##..####.......#
...## ####....# ...#
####.## ## #.## #..#
..#.
#..###########..#
.....
#......)........#
......
##...####.......##
###......# #####
###....h@###....y....
#.....yy..######..y
##..######## #.###
#.# #.# #.# ###


You could see 2 meliai and a friendly wolf (summoned, drained).

Vanquished Creatures
  A hornet (D:10)
  A wraith (D:10)
  2 steam dragons
  An acid dragon (D:9)
  A water moccasin (D:6)
  An ogre (D:5)
  A phantom (D:6)
  5 bullfrogs
  A scorpion (D:6)
  A water moccasin zombie (D:3)
  6 wights
  2 bullfrog zombies (D:6)
  4 centaur zombies
  A bullfrog skeleton (D:7)
  2 jellies
  A hound (D:7)
  A gnoll shaman (D:9)
  2 orc priests (D:9)
  2 centaur skeletons (D:7)
  An iguana (D:7)
  2 orc wizards (D:9)
  A howler monkey zombie (D:8)
  5 gnolls
  2 adders
  A shadow imp (D:6)
  An adder zombie (D:5)
  2 worms (D:2)
  9 orcs
  4 ball pythons
  2 endoplasms
  2 giant cockroaches
  4 goblins
  A hobgoblin (D:3)
  4 kobolds
  5 quokkas
  5 bats
  7 rats
94 creatures vanquished.

Vanquished Creatures (collateral kills)
  Maggie (D:9)
  A meliai (D:10)
  An acid dragon (D:10)
  2 water moccasins
  An ice beast (D:6)
  2 ogres (D:7)
  3 wights
  2 centaur zombies
  An orc priest (D:9)
  A bullfrog skeleton (D:5)
  A gnoll shaman (D:7)
  An iguana (D:7)
  An orc wizard (D:9)
  6 gnolls
  2 howler monkey skeletons
  3 adders
  An ufetubus (D:4)
  An adder skeleton (D:4)
  2 dart slugs
  8 orcs
  A ball python (D:1)
  4 bats
  3 endoplasms
  2 giant cockroaches
  6 goblins (D:1)
  6 hobgoblins
  2 jackals (D:1)
  2 kobolds (D:1)
  3 quokkas (D:1)
  3 frilled lizards
  A rat (D:1)
74 creatures vanquished.

Vanquished Creatures (others)
  Psyche (D:10)
  8 fungi
  11 plants
20 creatures vanquished.

Grand Total: 188 creatures vanquished

Notes
Turn   | Place    | Note
-------+----------+-------------------------------------------
     0 | D:1      | tilp the Barachi Summoner began the quest for the Orb.
     0 | D:1      | Reached XP level 1. HP: 13/13 MP: 3/3
   252 | D:1      | Reached skill level 1 in Fighting
   494 | D:1      | Reached XP level 2. HP: 13/21 MP: 1/5
   550 | D:1      | Learned a level 2 spell: Call Imp
  1110 | D:1      | Reached XP level 3. HP: 28/28 MP: 3/6
  1475 | D:1      | Learned a level 3 spell: Call Canine Familiar
  1802 | D:2      | Found a shimmering blue altar of Sif Muna.
  2109 | D:2      | Found Wingyluh's General Store.
  2592 | D:3      | Noticed a bullfrog
  2666 | D:3      | Identified Yciank's Tome of Nocuous Snow
  2741 | D:3      | Reached XP level 4. HP: 28/37 MP: 1/7
  3365 | D:3      | Reached XP level 5. HP: 42/42 MP: 8/8
  3366 | D:3      | Found Enyxt's Antique Weapon Emporium.
  3409 | D:3      | Found a faded altar of an unknown god.
  3465 | D:3      | Found a bloodstained altar of Trog.
  3885 | D:3      | Reached skill level 1 in Shields
  4857 | D:5      | Entered Level 5 of the Dungeon
  5609 | D:5      | Noticed an ogre
  5617 | D:5      | Killed an ogre
  5618 | D:5      | Reached XP level 6. HP: 48/48 MP: 3/9
  5915 | D:6      | Noticed a water moccasin
  5923 | D:6      | Killed a water moccasin
  5924 | D:6      | Reached skill level 2 in Polearms
  6348 | D:6      | Noticed an ice beast
  6353 | D:6      | Killed an ice beast
  6354 | D:6      | Reached skill level 3 in Polearms
  6354 | D:6      | Reached XP level 7. HP: 42/54 MP: 3/10
  6516 | D:6      | Reached skill level 4 in Polearms
  6751 | D:6      | Reached skill level 5 in Summonings
  7763 | D:3      | Bought a translucent glaive for 241 gold pieces
  7763 | D:3      | Identified the +3 glaive "Vizov" {venom, Stlth+} (You
                  | bought it in a shop on level 3 of the Dungeon)
  8054 | D:7      | Reached XP level 8. HP: 57/60 MP: 12/12
  8359 | D:7      | Found a staircase to the Ecumenical Temple.
  8404 | Temple   | Entered the Ecumenical Temple
  8427 | Temple   | Became a worshipper of Ru the Awakened
  8636 | D:7      | Reached skill level 5 in Polearms
  8660 | D:7      | HP: 3/60 [poisoned by a water moccasin]
  9114 | D:7      | Reached skill level 6 in Polearms
  9697 | D:8      | Found Furistreeb's Weapon Emporium.
  9746 | D:8      | Reached skill level 7 in Polearms
  9757 | D:8      | Gained mutation: You cannot be stealthy. [Ru sacrifice]
 10034 | D:8      | Reached XP level 9. HP: 65/65 MP: 11/13
 10063 | D:8      | Found an iron altar of Okawaru.
 10334 | D:9      | Found a radiant altar of Vehumet.
 10342 | D:9      | Reached skill level 8 in Polearms
 10651 | D:9      | Reached skill level 5 in Fighting
 10727 | D:9      | Found a staircase to the Lair.
 10888 | D:9      | Noticed Maggie
 10904 | D:9      | Killed Maggie
 11121 | D:9      | Found a snail-covered altar of Cheibriados.
 11874 | D:10     | Entered Level 10 of the Dungeon
 11894 | D:10     | Found an ornate altar of the Wu Jian Council.
 12142 | D:10     | Noticed a hornet
 12151 | D:10     | Paralysed by a hornet for 1 turns
 12162 | D:10     | Killed a hornet
 12643 | D:10     | Found a portal to a secret trove of treasure.
 12652 | Trove    | Entered a treasure trove
 12660 | Trove    | Identified the +4 dire flail "Ituyp" {freeze, rPois Dex+2}
 12669 | Trove    | Identified the +5 battleaxe "Plog" {vorpal, Str+4 Stlth+}
 12677 | Trove    | Identified the +7 demon trident of Governance {drain, Str+4
                  | Dex-4}
 12681 | Trove    | Identified the +4 demon trident of the Desolation of Salt
                  | {vamp, Fragile Dex+5}
 12892 | D:10     | Noticed Psyche
 12900 | D:10     | Killed Psyche
 12917 | D:10     | Reached skill level 9 in Polearms
 12917 | D:10     | Reached XP level 10. HP: 52/76 MP: 10/16
 13481 | D:10     | Found a broken altar of Ashenzari.
 13495 | D:10     | Found a white marble altar of Elyvilon.
 13498 | D:10     | Found an ancient bone altar of Kikubaaqudgha.
 13501 | D:10     | Found a blossoming altar of Fedhas.
 13661 | D:10     | Killed from afar by a meliai

Illustrated notes

Levels and vault maps discovered:
D:1:      psy_arrival_whirlpool, layout_basic, minmay_misc_feat_rugged,
          minmay_indecisive_spiral
D:2:      layout_rooms, serial_shops, shop, basic_altar,
          minmay_misc_feat_four_crosses
D:3:      minmay_razor_zed, layout_basic, bloody_trog, serial_shops,
          nicolae_shop_competitors_out_of_business,
          shapermc_ecumenical_altar_mp_urbaneastern,
          chequers_serial_rivers_small_3, minmay_misc_feat_nine_boxes,
          hangedman_decor_slide_cut
D:4:      layout_rooms
D:5:      layout_basic
D:6:      layout_basic, kennysheep_small_square
D:7:      layout_gridville, temple_green, kennysheep_generic_room_4
D:8:      layout_rooms, kennysheep_okawaru_gauntlet, serial_shops, shop
D:9:      layout_long_grid, vehumet_crystals, kennysheep_little_box,
          dpeg_oklobed_lair, st_stairs_8, uniq_maggie
D:10:     layout_layer_cave, lemuel_mausoleum_altar_yredelemnul,
          grunt_temple_overflow_cloverleaf, nicolae_overflow_crystal_walls,
          nicolae_trove_entry_diagonal, uniq_psyche
Temple:   nicolae_temple_no_exploring_needed

Skill      XL: |  1  2  3  4  5  6  7  8  9 |
---------------+----------------------------+-----
Fighting       | 1 2 3 4 6 |  6.0
Dodging        | 3 4 |  4.0
Shields        | 3 4 |  4.0
Polearms       | 3 4 7 9 |  9.8
Summonings     | 6 8 |  8.0
Spellcasting   | 3 4 |  4.0
Stealth        | 3 0 |  0.0

Action                   |  1- 3 |  4- 6 |  7- 9 | 10-12 || total
-------------------------+-------+-------+-------+-------++-------
Melee: Dagger            |   155 |   122 |       |       ||   277
       Unarmed           |     4 |       |       |       ||     4
       Club              |     2 |       |       |       ||     2
       Halberd           |       |    29 |   303 |       ||   332
       Trident           |       |       |    29 |    31 ||    60
Throw: Dart              |    12 |     6 |     6 |       ||    24
 Cast: Summon Small Mamm |    20 |       |     1 |       ||    21
       Call Imp          |    20 |    17 |    24 |       ||    61
       Call Canine Famil |       |    12 |    22 |     2 ||    36
Invok: Sacrifice Stealth |       |       |     1 |       ||     1
 Abil: Hop               |       |       |     1 |       ||     1
  Use: Scroll            |     3 |     8 |     7 |       ||    18
       Potion            |       |       |     3 |     1 ||     4
 Stab: Distracted        |     2 |     2 |     2 |       ||     6
       Sleeping          |     2 |     1 |     3 |       ||     6
Armor: Robe              |    25 |       |       |       ||    25
       Leather armour    |    49 |    86 |   119 |       ||   254
       Steam dragon scal |       |       |   122 |    17 ||   139
Dodge: Dodged            |   138 |   143 |   212 |    33 ||   526
Block: Buckler           |       |       |       |     6 ||     6

Table legend: (Time is in decaauts)
 A = Elapsed time spent in this place.
 B = Non-inter-level travel time spent in this place.
 C = Inter-level travel time spent in this place.
 D = Time resting spent in this place.
 E = Time spent auto-exploring this place.
 F = Levels seen in this place.
 G = Mean time per level.
                   A        B        C        D        E       F      G
               +--------+--------+--------+--------+--------+-----+--------+
         Total |  15149 |  14208 |    941 |   3279 |   8816 |  12 | 1262.4 |
       Dungeon |  15063 |  14134 |    929 |   3279 |   8793 |  10 | 1506.3 |
        Temple |     31 |     19 |     12 |      0 |     17 |   1 |   31.0 |
         Trove |     54 |     54 |      0 |      0 |      5 |   1 |   54.0 |
               +--------+--------+--------+--------+--------+-----+--------+

Top non-repeatable levels by time:
     D:6: 2145 daAuts
     D:3: 1915 daAuts
    D:10: 1664 daAuts
     D:1: 1659 daAuts
     D:7: 1619 daAuts
     D:9: 1557 daAuts
     D:5: 1231 daAuts
     D:2: 1186 daAuts
     D:4: 1059 daAuts
     D:8: 1024 daAuts
   Trove: 54 daAuts
  Temple: 31 daAuts
